AoeStats
← IccCce

Arena

507674119Analyzed
4v4 RM · 13d ago on Sep 19, 2026· 31m 39s· 8 players
Game mode
Random Map
Map size
Large (8 player)
Population
200
Speed
Normal
Resources
Standard
Victory
Conquest
Starting age
Dark Age
Ending age
Imperial Age
RankedLock teamsTeams togetherTeam positionsShared explorationLock speedFull tech treeHidden civsTurbo modeCheats
Victory
Defeat
🇨🇳 Franks · China
1068
+15
🇨🇳 Turks · China
1045
+16
🇨🇳 Britons · China
1040
+16
🇨🇳 Huns · China
1014
+17
🇹🇼 Turks · Taiwan
1090
-17
🇲🇽 Romans · Mexico
1081
-18
🇮🇱 Spanish · Israel
1045
-16
🇲🇽 Khmer · Mexico
971
-13
QAXIA
12:29 Feudal Age
13:47 Double-Bit Axe
16:24 Castle Age
21:20 Imperial Age
19:29 Horse Collar
23:02 Padded Archer Armor
27:02 Heavy Plow
32:22 Leather Archer Armor
胜利如此简单
1:12 Loom
12:28 Feudal Age
17:38 Castle Age
16:33 Double-Bit Axe
16:59 Forging
16:57 Scale Barding Armor
20:38 Pikeman
28:23 Husbandry
江
12:38 Feudal Age
16:07 Castle Age
14:40 Double-Bit Axe
17:45 Husbandry
18:59 Scale Barding Armor
21:31 Gold Mining
23:05 Chain Barding Armor
25:54 Wheelbarrow
25:26 Town Watch
28:13 Gold Shaft Mining
27:29 Stone Mining
30:32 Hand Cart
IccCce
10:38 Feudal Age
13:03 Double-Bit Axe
18:32 Horse Collar
18:53 Stone Mining
22:14 Castle Age
20:31 Gold Mining
23:40 Pikeman
24:21 Squires
24:40 Fletching
26:45 Wheelbarrow
27:03 Gambesons
28:37 Gold Shaft Mining
30:09 Hand Cart
31:47 Forging
31:35 Bodkin Arrow
PGTKing50
11:49 Feudal Age
17:02 Castle Age
15:38 Double-Bit Axe
15:35 Horse Collar
17:59 Wheelbarrow
17:54 Bow Saw
brandon102372
13:21 Feudal Age
14:29 Double-Bit Axe
14:29 Horse Collar
14:48 Gold Mining
17:23 Castle Age
21:36 Imperial Age
19:54 Bow Saw
21:47 Loom
22:38 Wheelbarrow
22:39 Heavy Plow
23:35 Padded Archer Armor
30:37 Ballistics
31:18 Leather Archer Armor
ThiranoMarck
2:34 Loom
10:48 Feudal Age
16:50 Castle Age
15:17 Double-Bit Axe
15:16 Horse Collar
27:53 Imperial Age
Okay
3:00 Loom
10:44 Feudal Age
14:41 Castle Age
13:10 Double-Bit Axe
14:01 Horse Collar
22:35 Wheelbarrow
22:32 Gold Mining
22:49 Stone Mining
25:20 Hand Cart
25:10 Padded Archer Armor
26:52 Bloodlines
28:06 Leather Archer Armor
28:27 Heavy Plow
29:20 Husbandry
29:35 Forging
29:26 Scale Mail Armor
30:20 Fletching
31:18 Bodkin Arrow
31:47 Ballistics
Connection lost

Rejoining the realm…

Still unreachable

The connection could not be restored.

Session expired

The server has moved on; the page needs a fresh start.